[Event "Late-Titled-Tuesday-Blitz-February-13-2024"]
[Site "Chess.com"]
[Date "2024.02.13"]
[Round "3"]
[White "koncheto"]
[Black "waltereador"]
[Result "0-1"]
[WhiteElo "2480"]
[BlackElo "2276"]
[TimeControl "180+1"]
[EndTime "14:28:27 PST"]
[Termination "waltereador won on time"]

1. e4 e5 2. Nf3 Nf6 3. Nxe5 d6 4. Nf3 Nxe4 5. d4 d5 6. Bd3 Bd6 7. O-O O-O 8. h3 c5 9. c4 cxd4 10. cxd5 Nf6 11. Bg5 Be7 12. Nxd4 Qxd5 13. Be3 Rd8 14. Nc3 Qh5 15. Be2 Qg6 16. Kh1 Nc6 17. Nxc6 bxc6 18. Qa4 Bd7 19. Bf3 Nd5 20. Bd4 Bf6 21. Nxd5 cxd5 22. Qb4 Rab8 23. Qd2 Bg5 24. Qc3 Rdc8 25. Qa3 Bf6 26. Qxa7 Bxh3 27. Bxf6 Qxf6 28. Bxd5 Be6 29. Bxe6 Qxe6 30. b3 Rb5 31. Kg1 h5 32. Rfe1 Re5 33. Rxe5 Qxe5 34. Rd1 g6 35. Qd7 Re8 36. a4 Rb8 37.
Qd3 Qb2 38. Rb1 Qa3 39. Qc2 Qb4 40. Qa2 h4 41. a5 h3 42. gxh3 Qc3 43. a6 Qxh3 44.
a7 Qg4+ 45. Kf1 Ra8 46. Ra1 Qh3+ 47. Ke1 Qd3 0-1

[Event "Late-Titled-Tuesday-Blitz-February-13-2024"]
[Site "Chess.com"]
[Date "2024.02.13"]
[Round "3"]
[White "prime-morty"]
[Black "pinguino120"]
[Result "1-0"]
[WhiteElo "2566"]
[BlackElo "2333"]
[TimeControl "180+1"]
[EndTime "14:28:28 PST"]
[Termination "prime-morty won by resignation"]

1. c4 c6 2. Nc3 d5 3. e3 Nf6 4. Nf3 Bg4 5. Qb3 Bc8 6. cxd5 cxd5 7. Bb5+ Nc6 8. Ne5 Qd6 9. d4 a6 10. Qa4 Bd7 11. Nxd7 Qxd7 12. Bd2 e6 13. Rc1 Bd6 14. Bxc6 bxc6 15. Ne2 Rc8 16. Qxa6 O-O 17. Ng3 Ra8 18.
Qxc6 Qxc6 19. Rxc6 Bxg3 20. hxg3 Rxa2 21. Bc1 Rb8 22.
O-O Ne4 23. g4 h6 24. f3 Nf6 25. Rf2 Rb3 26. Rfc2 Nd7 27. Kf2 Nb6 28. R2c3 Rb4 29. Kg3 Na4 30. Ra3 Rxa3 31. bxa3 Rb3 32. Kf2 Kf8 33.
Ke1 Ke7 34. Rc7+ Kf6 35. Kd2 Nb6 36. Kc2 Rb5 37. Ra7 Nc4 38. a4 Rb4 39. Kc3 Rb1 40.
Kc2 Rb4 41. a5 Ra4 42. a6 Ra2+ 43. Kb3 Ra1 44. Kc2 Ra2+ 45. Kb1 Ra5 46. Ra8 Ra4 47. Kc2 Ra2+ 48. Kb3 Ra1 49. Kc2 Ra2+ 50. Kb1 Ra4 51.
e4 dxe4 52. fxe4 Nb6 53. Ra7 Rxd4 54. Bb2 e5 55. Bxd4 exd4 56. Rb7 Na8 57. Rb8 d3 58. Rxa8 1-0

[Event "Late-Titled-Tuesday-Blitz-February-13-2024"]
[Site "Chess.com"]
[Date "2024.02.13"]
[Round "3"]
[White "Oleksandr_Bortnyk"]
[Black "GMRAVEN_ON_YOUTUBE"]
[Result "1-0"]
[WhiteElo "3052"]
[BlackElo "2787"]
[TimeControl "180+1"]
[EndTime "14:28:32 PST"]
[Termination "Oleksandr_Bortnyk won on time"]

1. e4 c5 2. c3 Nf6 3. e5 Nd5 4. d4 cxd4 5. Nf3 e6 6. cxd4 d6 7. Bc4 Nc6 8. O-O dxe5 9. Nxe5 Be7 10. Nxc6 bxc6 11. Qf3 O-O 12. Rd1 a5 13. Nd2 Ba6 14. Bb3 Bb5 15. Ne4 Qb6 16. h4 Rfd8 17. Ng5 Nf6 18.
Be3 Qa6 19. Qh3 Bc4 20. Bxc4 Qxc4 21. b3 Qb5 22. Rac1 a4 23. bxa4 Rxa4 24. Rc2 Rc4 25. Rcd2 Qd5 26. Nf3 Ra4 27. Ne5 Rda8 28. Rc1 c5 29.
Qf3 Rxa2 30. Rxa2 Rxa2 31. Nc6 Kf8 32. Nxe7 Kxe7 33. Qg3 cxd4 34. Bg5 Ra7 35. Qb8 Rd7 36. Rc8 Rd8 37. Rc7+ Rd7 38. Rc8 Rd8 39. Qa7+ Rd7 40.
Qa3+ Qd6 41. Qd3 h6 42. Bc1 Nd5 43. Ba3 Nb4 44. Qb5 Ra7 45. Qxb4 Rxa3 46. Rc7+ 1-0

[Event "Late-Titled-Tuesday-Blitz-February-13-2024"]
[Site "Chess.com"]
[Date "2024.02.13"]
[Round "3"]
[White "ansko1999"]
[Black "FrenchMonster2002"]
[Result "0-1"]
[WhiteElo "2631"]
[BlackElo "2473"]
[TimeControl "180+1"]
[EndTime "14:28:32 PST"]
[Termination "FrenchMonster2002 won on time"]

1. Nf3 Nf6 2. e3 g6 3. b3 Bg7 4. Bb2 O-O 5. c4 d6 6. d4 c5 7. d5 e6 8. dxe6 Bxe6 9. Be2 Nc6 10. O-O d5 11. cxd5 Qxd5 12. Nc3 Qxd1 13. Rfxd1 Rfd8 14. Nb5 Nd5 15. Bxg7 Kxg7 16. Bc4 a6 17. Bxd5 axb5 18.
Bxe6 fxe6 19. Rxd8 Rxd8 20. Kf1 Kf6 21. Ke2 Nb4 22. a3 Nd5 23. Nd2 b6 24. Ne4+ Ke5 25. f3 Ra8 26. Kd3 c4+ 27. bxc4 bxc4+ 28. Kxc4 Nxe3+ 29. Kb5 Nc2 30. Ra2 Nxa3+ 31. Kb4 Kf4 32. Rxa3 Rxa3 33. Kxa3 g5 34. Kb4 g4 35. Nd2 Ke3 36.
Nc4+ Kf2 37. fxg4 Kxg2 38. h4 Kg3 39. Ne5 Kxh4 40. Kb5 Kg5 41. Kxb6 Kf4 42. Nf7 Kxg4 43. Kc5 h5 44. Kd4 h4 45. Ke3 Kg3 46. Ng5 e5 47. Nf3 h3 0-1

[Event "Late-Titled-Tuesday-Blitz-February-13-2024"]
[Site "Chess.com"]
[Date "2024.02.13"]
[Round "3"]
[White "UK_23"]
[Black "lluiss"]
[Result "1/2-1/2"]
[WhiteElo "2363"]
[BlackElo "2147"]
[TimeControl "180+1"]
[EndTime "14:28:32 PST"]
[Termination "Game drawn by agreement"]

1. e4 e6 2. d4 d5 3. e5 c5 4. c3 Ne7 5. Na3 Nec6 6. Nc2 b6 7. f4 Ba6 8. Bxa6 Nxa6 9. a3 c4 10. Nf3 Na5 11. Rb1 Nb3 12. Be3 Be7 13. O-O g6 14.
Bf2 h5 15. Qe1 h4 16. Ne3 Nc7 17. Ng4 h3 18. g3 Kf8 19. Be3 Kg7 20. Ng5 Qd7 21.
Rf3 b5 22. Nf2 a5 23. Nfxh3 b4 24. axb4 axb4 25. Nf2 Nb5 26. h4 bxc3 27. bxc3 Na3 28. Rb2 Nb5 29. Rb1 Na3 30. Rb2 Nb5 31. Nd1 Ba3 32.
Ra2 Be7 33. Rff2 Qb7 34. Rfb2 Rxa2 35. Rxa2 Ra8 36. Qe2 Rxa2 37. Qxa2 Qa7 38. Qxa7 Nxa7 39. Kg2 Bxg5 40. fxg5 Nb5 41. g4 Na1 42. h5 Nc2 43.
Bd2 Nba3 44. Kf3 Nb1 45. Bc1 Ne1+ 46. Ke2 Nd3 47. Be3 Na3 48. Kd2 Nb5 49. Kc2 Na3+ 50.
Kd2 Nb5 51. Nf2 Nxf2 52. Bxf2 Na3 53. Kc1 Nb5 54. Be1 Kh7 55. Kb2 Kg7 56. Ka2 Kh7 57.
Kb2 Kg8 58. Kc2 Kh7 59. Bd2 Kg8 60. Bc1 Kh7 61. Bb2 Kg8 62. Kb1 Kh7 63. Kc1 Kg8 64.
Kd2 Kh7 65. Ke3 Kg8 66. Kf4 Kh7 67. Kg3 Kg8 68. h6 Kh7 69. Kf4 Kg8 70. Ke3 Kh7 71.
Kd2 Kg8 72. Kc2 Kh7 73. Bc1 Kg8 74. Kb2 Kh7 75. Bd2 Kg8 76. Ka2 Kh7 1/2-1/2

[Event "Late-Titled-Tuesday-Blitz-February-13-2024"]
[Site "Chess.com"]
[Date "2024.02.13"]
[Round "3"]
[White "Cambek64"]
[Black "ElephantChessGenius"]
[Result "1-0"]
[WhiteElo "2504"]
[BlackElo "2297"]
[TimeControl "180+1"]
[EndTime "14:28:33 PST"]
[Termination "Cambek64 won by checkmate"]

1. d4 d5 2. c4 e6 3. Nc3 c6 4. e3 f5 5. g4 Nf6 6. gxf5 exf5 7. Nh3 Bd6 8. cxd5 cxd5 9. Nb5 Qa5+ 10. Bd2 Bb4 11.
Nc7+ Qxc7 12. Bxb4 Nc6 13. Bb5 Bd7 14. Bxc6 Bxc6 15.
Nf4 Qd7 16. Qb3 Kf7 17. Nd3 Qc7 18. Ne5+ Ke6 19. Rc1 a5 20. Ba3 Rhc8 21. f3 a4 22. Qb4 Ra6 23. O-O Rb6 24. Qa5 Ra6 25. Qc5 Ra5 26. Qb4 Ra6 27. Rc5 Rb6 28. Qc3 Nd7 29. Nxd7 Qxd7 30. Rc1 Rf8 31. Qa5 Ra6 32. Qb4 Rc8 33.
Qe1 Kf7 34. Qg3 Kg8 35. R5c2 Re8 36. Bd6 Rxe3 37. Be5 g6 38. Kh1 a3 39. b3 Rb6 40.
Rg2 Qe6 41. Rcg1 Rd3 42. Qf4 Bb5 43. Qh6 Qf7 44. Rg5 Rc6 45. h4 Rxf3 46. h5 Rh3+ 47. Kg2 Rd3 48. Kh2 Rc2+ 49. R1g2 Rxg2+ 50. Rxg2 Be8 51. hxg6 Qxg6 52. Rxg6+ hxg6 53. Qg7# 1-0

[Event "Late-Titled-Tuesday-Blitz-February-13-2024"]
[Site "Chess.com"]
[Date "2024.02.13"]
[Round "3"]
[White "Szparu"]
[Black "dropstoneDP"]
[Result "0-1"]
[WhiteElo "2786"]
[BlackElo "3051"]
[TimeControl "180+1"]
[EndTime "14:28:35 PST"]
[Termination "dropstoneDP won by checkmate"]

1. e4 e5 2. Nf3 Nf6 3. Nc3 Nc6 4.
Bb5 Nd4 5. O-O c6 6. Bd3 Nxf3+ 7. Qxf3 d6 8. Be2 g6 9. Qg3 h5 10.
f4 Qb6+ 11. Kh1 h4 12. Qf3 Nh5 13. d4 exd4 14. Na4 Qa5 15. b3 Bg7 16. Bd3 Bd7 17. Nb2 Qc7 18. a4 O-O-O 19. Bd2 f5 20. exf5 Bxf5 21. Rae1 Qd7 22. Kg1 d5 23. a5 Rhe8 24.
Bxf5 Qxf5 25. Nd3 Bf8 26. Re5 Rxe5 27. fxe5 Qxf3 28. Rxf3 Ng7 29. Nf4 Re8 30. Nxg6 Ne6 31. Nxh4 c5 32. Ng6 Bg7 33. Rf7 c4 34. Ne7+ Kb8 35.
Nxd5 c3 36. Nxc3 dxc3 37. Bxc3 Rc8 38. Bb4 Bxe5 39. c4 Rd8 40. g3 Rd1+ 41. Kg2 Bd4 42. Re7 Ng5 43. Bd6+ Kc8 44. Rc7+ Kd8 45. h4 Rd2+ 46.
Kf1 Nf3 47. Rxb7 Rf2# 0-1

[Event "Late-Titled-Tuesday-Blitz-February-13-2024"]
[Site "Chess.com"]
[Date "2024.02.13"]
[Round "3"]
[White "Korchmar_Vasiliy"]
[Black "DonkyDonkyDonkey"]
[Result "1-0"]
[WhiteElo "2751"]
[BlackElo "2954"]
[TimeControl "180+1"]
[EndTime "14:28:35 PST"]
[Termination "Korchmar_Vasiliy won by resignation"]

1. e4 c5 2. d4 cxd4 3. Qxd4 Nc6 4. Qd3 g6 5. Nc3 Bg7 6. Nf3 d6 7. Be2 Nf6 8. O-O O-O 9. Nd5 Bg4 10. c3 Rc8 11. Bg5 Bxf3 12. Qxf3 Ne5 13. Qe3 Nxd5 14. exd5 Re8 15. Qxa7 Qc7 16. Bb5 Nd7 17. Qe3 e6 18. dxe6 Rxe6 19. Qh3 Ne5 20. Bh6 Qc5 21. a4 Bxh6 22.
Qxh6 Ng4 23. Qf4 h5 24. Bd7 Rf6 25. Qg3 Rd8 26. Bxg4 hxg4 27. Qxg4 d5 28. Rad1 Rdd6 29. Rd4 Qb6 30. Rb4 Qc7 31. Qg3 Qe7 32. h3 Rde6 33.
Qb8+ Kg7 34. Qxb7 Qc5 35. Qb5 Qd6 36. Qd3 Re5 37. Rd4 Ref5 38. Qd2 Qe6 39. a5 Rh5 40. b4 Rff5 41. Qe3 Re5 42. Qd3 Rhg5 43. b5 Re1 44. Rxe1 Qxe1+ 45. Qf1 Qxc3 46. Ra4 Re5 47.
Kh2 Re1 48. Ra3 Qe5+ 49. f4 Qe7 50. Qf3 Qc5 51. Qc3+ Qxc3 52. Rxc3 d4 53. Rb3 Ra1 54. b6 d3 55. b7 d2 56. Rd3 Rb1 57. Rxd2 Rxb7 58. Ra2 Ra7 59. a6 Kf6 60. g4 Ke6 61. Kg3 Kd5 62. h4 Ke4 63. h5 gxh5 64. gxh5 Kf5 65.
Ra5+ Kf6 66. Kg4 Ke6 67. Kg5 f6+ 68. Kg6 Ra8 69. Kg7 Ra7+ 70. Kg6 Ra8 71. a7 f5 72. h6 Rg8+ 73. Kh5 Ra8 74. h7 Kf6 75. Kh6 Kf7 76. Ra6 Ke7 77. Kg7 Rh8 78. Kxh8 Kf7 79.
a8=Q 1-0

[Event "Late-Titled-Tuesday-Blitz-February-13-2024"]
[Site "Chess.com"]
[Date "2024.02.13"]
[Round "3"]
[White "ImportedItalianMaple"]
[Black "kibromNNN"]
[Result "1-0"]
[WhiteElo "2529"]
[BlackElo "1785"]
[TimeControl "180+1"]
[EndTime "14:28:35 PST"]
[Termination "ImportedItalianMaple won on time"]

1. Nf3 Nf6 2. g3 g6 3. Bg2 Bg7 4. O-O O-O 5. d4 d6 6. c4 a6 7. Nc3 Nc6 8. b3 Rb8 9. d5 Na5 10. Bd2 c5 11. a4 b5 12. axb5 axb5 13. Nxb5 Nb7 14. Ra7 Qb6 15. Qe1 Ne4 16. Ba5 Nxa5 17. Qxa5 Bf6 18. Qxb6 Rxb6 19. Nfd4 Nxg3 20. hxg3 cxd4 21.
Rd1 Bg4 22. Bf3 Bf5 23. Nxd4 Bxd4 24. Rxd4 Re8 25. e4 Bh3 26. Kh2 Bc8 27. Bd1 Kf8 28.
Rd2 Rd8 29. Rda2 Bd7 30. Ra8 Rbb8 31. Rxb8 Rxb8 32. Ra7 Ke8 33. Kg2 Kd8 34. f4 h5 35.
Kf2 Rc8 36. Ke3 Rb8 37. Kd4 Kc8 38. e5 Rb7 39. Rxb7 Kxb7 40. b4 Kb6 41. c5+ dxc5+ 42. bxc5+ Kc7 43. c6 Bh3 44. Kc5 Bg2 45. d6+ exd6+ 46.
exd6+ Kd8 47. Bb3 f6 48. Bf7 g5 49. Bxh5 gxf4 50. gxf4 1-0

[Event "Late-Titled-Tuesday-Blitz-February-13-2024"]
[Site "Chess.com"]
[Date "2024.02.13"]
[Round "3"]
[White "Flaccidmoves"]
[Black "biostatistician"]
[Result "1-0"]
[WhiteElo "2427"]
[BlackElo "2584"]
[TimeControl "180+1"]
[EndTime "14:28:37 PST"]
[Termination "Flaccidmoves won on time"]

1. d4 Nf6 2. c4 g6 3. Nc3 Bg7 4. e4 d6 5. Nf3 O-O 6. h3 c5 7. d5 e6 8. Bd3 exd5 9. exd5 Re8+ 10. Be3 Bh6 11. Qd2 Qe7 12. Nd1 Ne4 13. Qc2 Nxf2 14. Qxf2 Bxe3 15. Nxe3 Qxe3+ 16. Qxe3 Rxe3+ 17. Kd2 Re7 18. Rae1 Kf8 19. Ng5 Rxe1 20. Rxe1 h6 21. Ne4 Nd7 22.
Nxd6 Nf6 23. Rf1 Ke7 24. Nb5 Nd7 25. d6+ Kf8 26. Nc7 Rb8 27. Re1 Nf6 28. Re7 Bd7 29.
Nd5 Nxd5 30. Rxd7 Nf6 31. Rc7 Ne8 32. Rd7 Nf6 33. Re7 a6 34. Rc7 Ne8 35. Rxc5 Nxd6 36. Rd5 Ke7 37. c5 Ne8 38. Be4 Nf6 39. Rd4 b6 40. cxb6 Rxb6 41. b3 h5 42. Bf3 Nd7 43. Kc3 f5 44. b4 g5 45. Bxh5 Nf6 46. Bf3 Ke6 47. a4 Ke5 48. Rc4 Ne4+ 49. Kc2 Kf4 50. Be2 Ke3 51. Bd3 Nd6 52. Rc3 Kd4 53. Rb3 1-0

[Event "Late-Titled-Tuesday-Blitz-February-13-2024"]
[Site "Chess.com"]
[Date "2024.02.13"]
[Round "3"]
[White "ozates"]
[Black "mitrabhaa"]
[Result "1/2-1/2"]
[WhiteElo "2584"]
[BlackElo "2890"]
[TimeControl "180+1"]
[EndTime "14:28:40 PST"]
[Termination "Game drawn - insufficient material"]

1. c4 Nf6 2. g3 c6 3. Bg2 d5 4. Qc2 g6 5. Nf3 Bg7 6. O-O O-O 7. d3 a5 8. e4 dxe4 9. dxe4 Bg4 10. Nc3 Bxf3 11.
Bxf3 e5 12. b3 Qc7 13. Ba3 Rd8 14. Rad1 Na6 15. Rxd8+ Rxd8 16. Rd1 Bf8 17. Bxf8 Kxf8 18. Rxd8+ Qxd8 19. Qd1 Qe7 20. Na4 Kg7 21. Qc1 Nc5 22. Qa3 Nfd7 23. Kf1 Kf8 24. Nxc5 Qxc5 25. Qxc5+ Nxc5 26. Ke2 Ke7 27. Ke3 Kd6 28. Bd1 Ne6 29. a3 Kc5 30. Kd3 b5 31. cxb5 cxb5 32. f4 exf4 33. Bg4 fxg3 34. hxg3 h5 35. Bh3 g5 36. Bf5 h4 37.
gxh4 gxh4 38. Ke3 Nd4 39. b4+ axb4 40. axb4+ Kc4 41. Bd7 Nc2+ 42. Kf4 Nxb4 43. Kg4 Nd3 44. Kxh4 b4 45. Be8 f6 46. Kg4 Ne5+ 47. Kf5 b3 48. Ba4 b2 49. Bc2 Kc3 50. Bb1 Kd2 51. Kxf6 Nd7+ 52.
Kf5 Kc1 53. Ba2 Nc5 54. e5 Nd3 55. e6 Nb4 56. e7 Nxa2 57. e8=Q b1=Q+ 58. Qe4 Kb2 59. Qxb1+ Kxb1 1/2-1/2

[Event "Late-Titled-Tuesday-Blitz-February-13-2024"]
[Site "Chess.com"]
[Date "2024.02.13"]
[Round "3"]
[White "delqate"]
[Black "ChessQueen"]
[Result "0-1"]
[WhiteElo "2499"]
[BlackElo "2691"]
[TimeControl "180+1"]
[EndTime "14:28:40 PST"]
[Termination "ChessQueen won on time"]

1. d4 f5 2. e4 fxe4 3. f3 d5 4.
Nc3 Nf6 5. Bg5 Bf5 6. Qd2 Nc6 7. O-O-O Qd7 8. Bb5 a6 9. Ba4 b5 10. Bxf6 gxf6 11.
Bb3 e6 12. fxe4 dxe4 13. d5 Na5 14. Qf2 Nxb3+ 15. axb3 Bh6+ 16. Kb1 O-O 17. Nge2 e5 18.
Ng3 Bg6 19. Ngxe4 f5 20. Nc5 Qd6 21. Ne6 Rf7 22. Qh4 Bg7 23. Rhe1 e4 24. Nxg7 Rxg7 25. g4 Qe7 26. Qxe7 Rxe7 27. gxf5 Bxf5 28. d6 cxd6 29.
Rxd6 e3 30. Nd5 Re5 31. Rxe3 Rxe3 32. Nxe3 Bg6 33. Rd7 Rc8 34. Kc1 Rc6 35. c3 Kf8 36. Kd2 a5 37. Ra7 Rd6+ 38. Ke2 Bd3+ 39. Kf2 Rf6+ 40.
Kg3 Be4 41. Ng4 Rf3+ 42. Kh4 b4 43. Rxa5 bxc3 44. bxc3 Rxc3 45. Re5 Bg6 46. Rb5 Bf7 47. b4 Rc4 48. Kg5 Be6 49. Nf6 Rc2 50. Rb8+ Ke7 51. Rb7+ Kd6 52. Nxh7 Rg2+ 53. Kf4 Rxh2 0-1

[Event "Late-Titled-Tuesday-Blitz-February-13-2024"]
[Site "Chess.com"]
[Date "2024.02.13"]
[Round "3"]
[White "korkmaz16"]
[Black "nindjaxx8"]
[Result "1-0"]
[WhiteElo "2421"]
[BlackElo "2576"]
[TimeControl "180+1"]
[EndTime "14:28:40 PST"]
[Termination "korkmaz16 won on time"]

1. e4 e6 2. d4 d5 3. e5 c5 4. c3 Nc6 5. Nf3 Qb6 6. Bd3 Bd7 7.
dxc5 Bxc5 8. b4 Bxf2+ 9. Ke2 f6 10.
exf6 Nxf6 11. Rf1 e5 12. Rxf2 e4 13. Be3 Qc7 14. Bc5 O-O-O 15. Nd4 exd3+ 16. Qxd3 Nxd4+ 17. cxd4 a6 18. Nc3 Rhe8+ 19. Kd2 Kb8 20. Rc1 b6 21.
Qxa6 bxc5 22. bxc5 Qb7 23. Rb1 Qxb1 24. Nxb1 Ne4+ 25.
Kc1 Nxf2 26. Qb6+ Ka8 27. Qa6+ Kb8 28. c6 Bxc6 29. Nc3 Bb7 30. Qb6 Rc8 31. Kb2 Nd3+ 32. Kb3 Rc6 33. Qb5 Rec8 34. Nxd5 Nc1+ 35. Kb2 Rc2+ 36.
Kb1 Nxa2 37. Qb6 R2c6 38. Qb3 Nc3+ 39. Nxc3 Rxc3 40. Qb6 R3c6 41. Qb4 R6c7 42. d5 Rd7 43. Qf4+ Ka8 44. Qa4+ Kb8 45. Qxd7 Rc7 46. Qd8+ Rc8 47. Qd6+ Rc7 48. Qe5 Bc8 49. d6 Rd7 50. Kc2 Kb7 51.
Qb5+ Ka7 52. Qc6 Kb8 53. Kc3 Rb7 54. Kd4 Bd7 55. Qc5 Ka8 56. Qa3+ Kb8 57. Qc5 Ka8 58. Qg5 g6 59. Qd8+ Ka7 60. Ke5 Bb5 61. Qa5+ Kb8 62.
h4 Bc6 63. g4 Bd7 64. Qd8+ Ka7 65. h5 Bxg4 66. Qa5+ 1-0

[Event "Late-Titled-Tuesday-Blitz-February-13-2024"]
[Site "Chess.com"]
[Date "2024.02.13"]
[Round "3"]
[White "OneTrickPony_82"]
[Black "snowlord"]
[Result "1-0"]
[WhiteElo "2582"]
[BlackElo "2851"]
[TimeControl "180+1"]
[EndTime "14:28:41 PST"]
[Termination "OneTrickPony_82 won by checkmate"]

1. d4 d5 2. c4 c6 3. Nf3 Nf6 4.
cxd5 cxd5 5. Nc3 Nc6 6. Bf4 a6 7. Qb3 Na5 8. Qc2 g6 9. e3 Bf5 10. Bd3 Bxd3 11. Qxd3 e6 12. O-O Nh5 13. Be5 f6 14.
Bg3 Be7 15. e4 O-O 16. exd5 exd5 17. Rfe1 Rf7 18. Re2 Rc8 19. Rae1 Bb4 20. Nd2 Kg7 21. h3 Nxg3 22. Qxg3 Nc6 23. Qd3 Ne7 24. Nf1 Bxc3 25. bxc3 Nf5 26. Ne3 Nxe3 27. Rxe3 Qd7 28. Qe2 Rc7 29.
h4 h5 30. Qd3 Kh7 31. Re6 Rc6 32. Re8 Rc8 33. R8e6 Rc6 34. Re8 Qc7 35. R1e3 Qf4 36. Rg3 f5 37. Qe2 Qxh4 38. Qe5 Qf6 39. Qxd5 h4 40.
Rh3 Kg7 41. Rhe3 Qg5 42. Qe5+ Qf6 43. Qb8 Kh7 44. Rd8 Rb6 45. Ree8 Kh6 46. Qf4+ g5 47. Rh8+ Rh7 48. Qc7 Qg6 49. Rxh7+ Qxh7 50. Qxb6+ Kh5 51.
Qd6 f4 52. Qe5 Qb1+ 53. Kh2 Qf1 54. Rh8+ Kg6 55. Qe6+ Kg7 56. Qh6+ Kf7 57. Rf8+ Ke7 58. Qf6+ Kd7 59. Rd8+ Kc7 60. Qd6# 1-0

[Event "Late-Titled-Tuesday-Blitz-February-13-2024"]
[Site "Chess.com"]
[Date "2024.02.13"]
[Round "3"]
[White "rhungaski"]
[Black "Binary010"]
[Result "1-0"]
[WhiteElo "2533"]
[BlackElo "2871"]
[TimeControl "180+1"]
[EndTime "14:28:43 PST"]
[Termination "rhungaski won by resignation"]

1. e4 c5 2. Nf3 d6 3. d4 cxd4 4. Nxd4 Nf6 5. Nc3 a6 6. Be2 e5 7. Nb3 Be7 8. O-O O-O 9. Re1 Be6 10. Bf3 Nbd7 11. a4 Rc8 12. Nd2 Qc7 13. Nf1 Rfd8 14. Ne3 Bf8 15. h3 h6 16. Ncd5 Bxd5 17. exd5 e4 18.
Be2 g6 19. a5 Bg7 20. Ra3 Ne5 21. b4 Nfd7 22. c4 f5 23. c5 Nf6 24. Nc4 Nxc4 25. Bxc4 Kh7 26. Bf4 Qf7 27. c6 bxc6 28. Bxa6 Ra8 29.
Bc4 Nxd5 30. Bxd5 cxd5 31. Qb3 Rdc8 32. Bxd6 Rc3 33. Qa4 Rxa3 34. Qxa3 Qd7 35. Bc5 d4 36. Rd1 d3 37. a6 Qb5 38. a7 Qc4 39. Qa4 f4 40.
Qd7 Qc2 41. Rf1 Qc4 42. Qb7 d2 43. Rd1 Rxa7 44. Qxa7 Qc2 45. Rxd2 Qxd2 46. Bf8 Qd1+ 47. Kh2 Qd4 48. Qxg7+ Qxg7 49. Bxg7 Kxg7 50. b5 1-0

[Event "Late-Titled-Tuesday-Blitz-February-13-2024"]
[Site "Chess.com"]
[Date "2024.02.13"]
[Round "3"]
[White "DeTimmerman"]
[Black "Hrant_ChessMood"]
[Result "1-0"]
[WhiteElo "2733"]
[BlackElo "2945"]
[TimeControl "180+1"]
[EndTime "14:28:45 PST"]
[Termination "DeTimmerman won by resignation"]

1. b4 d5 2. Bb2 Nf6 3. e3 Bg4 4.
Nf3 e6 5. b5 Be7 6. a4 O-O 7.
c4 Nbd7 8. Be2 Bd6 9. O-O Qe7 10. d4 c6 11. Nbd2 Ne4 12. h3 Bh5 13. Nxe4 dxe4 14.
Nd2 Bg6 15. bxc6 bxc6 16. c5 Bc7 17. Nc4 Rab8 18. f3 Nf6 19. f4 Nd5 20. Qd2 Rb3 21.
Ra3 Rb4 22. Bc3 Rb7 23. Ba5 Rfb8 24. Bxc7 Qxc7 25. Qa5 Qxa5 26. Nxa5 Rc7 27. Bc4 h5 28. f5 Bxf5 29. Nxc6 Rxc6 30. Bxd5 Rc7 31. Rb3 Rxb3 32.
Bxb3 h4 33. Rb1 Kf8 34. Bc4 Ke7 35. Kf2 e5 36. Bd5 Bd7 37. a5 f5 38. a6 exd4 39.
exd4 f4 40. Bxe4 Bc8 41. Bb7 Bf5 42. Re1+ Kf6 43. Rc1 Ke6 44. d5+ Ke5 45. d6 Rf7 46. Rd1 Be6 47. c6 Bd7 48. cxd7 Rxd7 49. Kf3 g5 50.
Kg4 f3 51. Kxf3 Rf7+ 52. Kg4 Rf4+ 53. Kxg5 Rf2 54. d7 1-0

[Event "Late-Titled-Tuesday-Blitz-February-13-2024"]
[Site "Chess.com"]
[Date "2024.02.13"]
[Round "3"]
[White "CFalcons8"]
[Black "krzyzan94"]
[Result "0-1"]
[WhiteElo "2429"]
[BlackElo "2790"]
[TimeControl "180+1"]
[EndTime "14:28:45 PST"]
[Termination "krzyzan94 won by resignation"]

1. e4 c6 2. d4 d5 3. exd5 cxd5 4. Nc3 Nc6 5. Bb5 Bf5 6. Nf3 e6 7. Ne5 Rc8 8. g4 Bg6 9. h4 f6 10. h5 Bf7 11. Nxf7 Kxf7 12. Be3 Bb4 13. Qd3 Bxc3+ 14.
bxc3 Nge7 15. Rb1 Na5 16. g5 a6 17. Ba4 b5 18. Bb3 Nf5 19. gxf6 gxf6 20. Kd2 Rg8 21. Rbg1 Qd6 22. Qe2 Qc7 23. Qd3 Nc4+ 24. Bxc4 Qxc4 25.
Bf4 Rxg1 26. Rxg1 Qxd3+ 27. cxd3 Ng7 28. a4 Nxh5 29. Bd6 bxa4 30. Ra1 Rc6 31. Bc5 Ng7 32. Rxa4 h5 33. c4 Nf5 34. Ra5 h4 35. Ke2 Kg6 36.
Kf3 Kg5 37. Ra1 dxc4 38. dxc4 e5 39. Rg1+ Kh5 40. Ke4 Nxd4 41. Bxd4 Rxc4 42. Kf5 Rxd4 43. Kxf6 Rf4+ 44. Kxe5 Rxf2 45. Ke6 h3 46. Ke5 h2 47. Rg8 Kh4 48. Ke4 Kh3 49. Ke3 Rf5 50. Rh8+ Kg3 51. Rg8+ Kh4 0-1

[Event "Late-Titled-Tuesday-Blitz-February-13-2024"]
[Site "Chess.com"]
[Date "2024.02.13"]
[Round "3"]
[White "TheMagician"]
[Black "HamedWafa4"]
[Result "1-0"]
[WhiteElo "2227"]
[BlackElo "2728"]
[TimeControl "180+1"]
[EndTime "14:28:47 PST"]
[Termination "TheMagician won by checkmate"]

1. d4 Nf6 2. c4 e6 3. Nc3 Bb4 4. Qc2 O-O 5. Bg5 h6 6. Bh4 d5 7. e3 c5 8. dxc5 Nc6 9. Nf3 d4 10. exd4 Nxd4 11. Nxd4 Qxd4 12. Bxf6 Qxf6 13. a3 Bxc3+ 14.
Qxc3 Qxc3+ 15. bxc3 Bd7 16. Rd1 Rfd8 17. Be2 Bc6 18.
O-O Rxd1 19. Rxd1 Kf8 20. f3 Ke7 21. Kf2 Rc8 22. Ke3 e5 23. Bd3 g6 24. g4 Rh8 25.
Rb1 h5 26. g5 Kd7 27. Be4 Re8 28. Bd5 Kc7 29. Bxf7 Rf8 30. Bd5 Rf5 31. h4 Rf4 32. Rh1 a5 33. Rh2 Bd7 34. Be4 Bf5 35. Rd2 Bxe4 36.
fxe4 Rxh4 37. Rd6 Rh3+ 38. Kd2 Rh2+ 39. Kd3 Rh3+ 40. Kc2 Re3 41. Rxg6 Rxe4 42. Kb3 Rg4 43. Ka4 Rxc4+ 44. Kb5 Rxc3 45. Rg7+ Kb8 46. Re7 Rxa3 47. g6 Rb3+ 48. Kxa5 Rg3 49. g7 Ka7 50. c6 h4 51. c7 b6+ 52. Kb4 Kb7 53. c8=Q+ Kxc8 54. Re8+ Kd7 55. g8=Q Rxg8 56. Rxg8 Ke6 57. Kc3 Kf5 58.
Kd3 b5 59. Ke3 b4 60. Rg1 h3 61. Rg3 b3 62. Rxh3 b2 63. Rh1 e4 64. Rb1 Ke5 65.
Rxb2 Kd5 66. Rb4 Ke5 67. Rxe4+ Kd5 68. Kf4 Kc5 69. Ke5 Kc6 70. Rc4+ Kb6 71. Kd5 Kb5 72. Rg4 Ka5 73. Kc6 Ka6 74. Ra4# 1-0

[Event "Late-Titled-Tuesday-Blitz-February-13-2024"]
[Site "Chess.com"]
[Date "2024.02.13"]
[Round "3"]
[White "Kostukov_Alex"]
[Black "Atousa"]
[Result "1-0"]
[WhiteElo "2297"]
[BlackElo "2537"]
[TimeControl "180+1"]
[EndTime "14:28:47 PST"]
[Termination "Kostukov_Alex won by resignation"]

1. g3 d5 2. Bg2 Nf6 3. d3 c6 4. e4 dxe4 5. dxe4 Qxd1+ 6. Kxd1 Be6 7. f3 Na6 8. Be3 O-O-O+ 9. Nd2 Kb8 10. Bh3 Bxh3 11. Nxh3 e6 12. c3 Bc5 13. Ke2 Bxe3 14.
Kxe3 Nc5 15. Nf2 Na4 16. Rab1 Rd7 17. Rhd1 Rhd8 18. Nc4 Rxd1 19. Rxd1 Rxd1 20. Nxd1 Ne8 21. e5 b5 22. Nd2 Nc7 23. Ne4 h6 24. f4 Nd5+ 25.
Kd4 Kc7 26. c4 bxc4 27. Kxc4 f6 28. exf6 gxf6 29. Nc5 Kd6 30. Nxa4 e5 31. fxe5+ fxe5 32. Nac3 Nf6 33. Kd3 Ke6 34. Ne4 Nd5 35. a3 h5 36.
Ne3 Nb6 37. b3 a5 38. h3 a4 39. Nc5+ Kd6 40. Nxa4 Nd7 41. Nc4+ Ke6 42. b4 Nf6 43. Nc5+ Kf5 44. Nd6+ Kg6 45. Nde4 Nd5 46. Kc4 Ne3+ 47. Kb3 Nd5 48. a4 Kf5 49. a5 Nc7 50.
Nd6+ Kf6 51. a6 Na8 52. Nc4 Kg5 53. Na4 h4 54. gxh4+ Kxh4 55. Nxe5 Kxh3 56. Nxc6 Kg4 57. b5 Kf5 58. b6 Ke6 59. b7 Nc7 60. b8=Q Nxa6 61. Qe5+ Kd7 62. Nc5+ Kxc6 63. Nxa6 Kb7 64. Nb4 Ka7 65. Qd6 Kb7 66. Kc4 Ka7 67. Kb5 Kb7 68.
Qd7+ Ka8 69. Kb6 1-0

[Event "Late-Titled-Tuesday-Blitz-February-13-2024"]
[Site "Chess.com"]
[Date "2024.02.13"]
[Round "3"]
[White "LUISMIGUELOV"]
[Black "KetiTsatsalashvili"]
[Result "0-1"]
[WhiteElo "2180"]
[BlackElo "2452"]
[TimeControl "180+1"]
[EndTime "14:28:47 PST"]
[Termination "KetiTsatsalashvili won on time"]

1. e4 c5 2. d4 cxd4 3. c3 dxc3 4. Nxc3 Nc6 5. Nf3 a6 6. Bc4 e6 7. O-O Nge7 8. Bg5 f6 9. Be3 Ng6 10. h4 Be7 11. h5 Nge5 12. Nxe5 Nxe5 13. Bb3 O-O 14.
f4 Nf7 15. Qg4 Qe8 16. Rae1 Nh6 17. Qg3 f5 18. Bd4 Bf6 19. Bc5 Qxh5 20. Bxf8 Bd4+ 21. Rf2 Ng4 22. Nd1 Kxf8 23. exf5 Qxf5 24. Kf1 Nxf2 25. Nxf2 Bxf2 26. Qxf2 b6 27. Bc2 Qf6 28. Bxh7 g6 29. f5 gxf5 30. Qxb6 Kg7 31. Bxf5 Qxf5+ 32. Kg1 Qd5 33.
Re3 Bb7 34. Rg3+ Kf7 35. Qf2+ Qf5 36. Qd4 Qf6 37. Qxd7+ Kf8 38. Qxb7 Qd4+ 39. Kh2 Qh4+ 40. Rh3 Qf4+ 41. g3 Qf2+ 42. Qg2 Qxg2+ 43. Kxg2 Kg7 44.
Rh4 Rd8 45. Rb4 Rd3 46. Rb6 Kf6 47. Rxa6 Rd2+ 48. Kf3 Rxb2 49. Kf4 Rb1 50. g4 Rf1+ 51. Kg3 Ra1 52. Kf4 Rf1+ 53. Kg3 Ra1 0-1